 Dungeon Crawl Stone Soup version 0.26.1-11-gd32895ea62 (webtiles) character file.

Game seed: 4686464826592895667

6945 phalm the Destroyer (level 10, -8/55 HPs)
             Began as a Deep Elf Conjurer on May 5, 2021.
             Was a Believer of Vehumet.
             Mangled by a komodo dragon (32 damage)
             ... on level 9 of the Dungeon on May 6, 2021.
             The game lasted 00:28:14 (13783 turns).

phalm the Destroyer (Deep Elf Conjurer)            Turns: 13783, Time: 00:28:14

Health: -8/55      AC:  4    Str:  4    XL:     10   Next: 80%
Magic:  12/31      EV: 14    Int: 27    God:    Vehumet [**....]
Gold:   635        SH:  0    Dex: 13    Spells: 7/23 levels left

rFire    . . .     SeeInvis .   r - +4 quarterstaff (chaos)
rCold    . . .     Faith    .   (shield currently unavailable)
rNeg     . . .     Spirit   .   a - +0 robe
rPois    .         Reflect  .   B - +0 helmet
rElec    .         Harm     .   q - +0 cloak
rCorr    .         Rampage  .   (no gloves)
Will     +....     Rnd*Tele +   (no boots)
Stlth    ++........             (no amulet)
HPRegen  0.18/turn              W - ring of magical power
MPRegen  0.22/turn              t - ring of teleportation (curse)

@: no status effects
A: no striking features
a: Renounce Religion


You were on level 9 of the Dungeon.
You worshipped Vehumet.
Vehumet was pleased with you.
You visited 2 branches of the dungeon, and saw 10 of its levels.

You collected 635 gold pieces.


   Skills:
 + Level 2.9 Fighting
 + Level 3.5 Staves
 + Level 2.8 Armour
 + Level 5.2 Dodging
 - Level 2.4 Stealth
 + Level 0.0 Shields
 + Level 7.0 Spellcasting
 * Level 10.6 Conjurations
 - Level 8.0 Hexes
 - Level 8.0 Translocations
 * Level 2.8 Fire Magic
 + Level 4.1 Evocations


You had 7 spell levels left.
You knew the following spells:

 Your Spells              Type           Power        Failure   Level
b - Iskenderun's Battles  Conj           61%          1%          5
f - Fulminant Prism       Conj/Hex       28%          1%          4
m - Magic Dart            Conj           100%         1%          1
s - Searing Ray           Conj           100%         1%          2
X - Iskenderun's Mystic   Conj/Tloc      56%          1%          4

Your spell library contained the following spells:

 Spells                   Type           Power        Failure   Level
 Inner Flame              Hex/Fire       39%          1%          3
 Shock                    Conj/Air       100%         1%          1
 Dazzling Flash           Conj/Hex       100%         1%          3
 Summon Guardian Golem    Hex/Summ       31%          3%          3
 Summon Small Mammal      Summ           36%          6%          1
 Call Imp                 Summ           9%           9%          2
 Call Canine Familiar     Summ           9%           17%         3
 Bolt of Magma            Conj/Fire/Erth 16%          26%         5
 Summon Ice Beast         Ice/Summ       9%           50%         4
 Summon Lightning Spire   Summ/Air       9%           50%         4
 Orb of Destruction       Conj           30%          54%         7
 Iron Shot                Conj/Erth      19%          71%         6
 Spellforged Servitor     Conj/Summ      19%          99%         7

Inventory:

Hand Weapons
 r - a +4 quarterstaff of chaos (weapon)
   (You took it off Crazy Yiuf on level 3 of the Dungeon)
Missiles
 c - a throwing net {=f!f}
 g - 55 poisoned darts
Armour
 a - a +0 robe (worn)
 q - a +0 cloak (worn)
   (You took it off Crazy Yiuf on level 3 of the Dungeon)
 B - a +0 helmet (worn)
   (You found it on level 8 of the Dungeon)
 F - a +0 kite shield
   (You took it off a tengu warrior on level 9 of the Dungeon)
Jewellery
 t - a cursed ring of teleportation (right hand)
   (You found it on level 9 of the Dungeon)
 L - an uncursed ring of flight
   (You found it on level 8 of the Dungeon)
 W - a ring of magical power (left hand)
   (You found it on level 3 of the Dungeon)
Wands
 m - a wand of flame (33)
   (You found it on level 2 of the Dungeon)
 A - a wand of digging (8)
   (You found it on level 8 of the Dungeon)
 C - a wand of random effects (32)
   (You found it on level 8 of the Dungeon)
Scrolls
 b - 2 scrolls of enchant armour
 d - 11 scrolls of remove curse {@r2}
 i - 4 scrolls of teleportation {@r4}
 k - a scroll of fog
 o - 2 scrolls of blinking {!r}
 p - a scroll of enchant weapon
 v - 2 scrolls of immolation {!r!r}
 y - 2 scrolls of amnesia {unknown}
 D - a scroll of summoning {unknown}
 E - 3 scrolls of magic mapping {!r}
Potions
 e - a potion of invisibility
 f - 4 potions of heal wounds {@q2}
 h - a potion of cancellation {unknown}
 j - 3 potions of haste {@q3}
 l - 2 potions of flight
 n - a potion of might {unknown}
 s - a potion of lignification {unknown}
 u - a potion of magic {unknown}
 w - a potion of ambrosia {unknown}
 x - a potion of degeneration {unknown}
 z - 2 potions of curing {unknown}

Dungeon Overview and Level Annotations

Branches:
Dungeon (9/15)             Temple (1/1) D:7             Orc (0/2) D:9
   Lair: D:8-11

Altars:
Ashenzari
Cheibriados
Dithmenos
Elyvilon
Fedhas
Gozag
Kikubaaqudgha
Makhleb
Nemelex Xobeh
Okawaru
Qazlal
Ru
Sif Muna
Trog
Uskayaw
Vehumet
Wu Jian
Xom
Yredelemnul
Zin
The Shining One

Shops:
D:7 =

Annotations:
D:9 1 runed translucent door, Joseph; axecop's ghost, journeyman DsAK

#.....).......
#..###.###.#.#
#..##.#.###.##
#.....(......#.. .####
#........†K... . .:.( #
### ###''#####@*.# .
... .# #.. ###..####
#K.# .#.# ..# #.#
#.......# #Kl###.###..#
# #.......#
#..@....#...# #
#.......####.*.....# #
#
#........######...#...#
# #......##.######..#
.# #
#......##....###..##..#
#
#......##.....##..)#..#
#
#####+###.....##..#...#
.### #.....##..(#..#
.... ###.....([[.##..+
.###


You could see Joseph, a komodo dragon, 3 kobolds, a friendly fulminant prism and
a friendly battlesphere.


Message History

You kill the kobold!
Vehumet accepts your kill.
You feel your power returning. 😕 HP[+1]
Aiming: Magic Dart (safe; 1% risk of failure)
Press: ? - help, Q - select action, (/) - cycle Shift-Dir - straight line, f - you
Okay, then.
Things that are here:
a cursed +0 club; a +0 scale mail; an orc corpse 😎 HP[+6]
Your hp is fully restored (55).
There is a large open door here.
Items here: ))) [[[ ††.
Things that are here:
a +0 dagger; a +0 robe
j - 3 potions of haste {@q3} (gained 1)
Items here: ( ) [[.
F - a +0 kite shield Search for what [Enter for "throw", or ? for help]? shield Sorry, I don't know how to get there.
Things that are here:
a +0 plate armour; a +0 hand axe
Things that are here:
a +0 robe; a +0 dagger
f - 4 potions of heal wounds {@q2} (gained 1)
You see here 20 sling bullets.
A kobold comes into view.
The magic dart hits the kobold.
The kobold shouts!
You hear an angry hiss.
A komodo dragon comes into view. 😎 MP[-1]
You lost 1 mp, and now have 30/31 mp.
There are monsters nearby!
Casting: Magic Dart (safe; 1% risk of failure)
Confirm with . or Enter, or press ? or * to list all spells.
You conjure a globe of magical energy. 😎 MP[-5]
You lost 5 mp, and now have 25/31 mp.
The magic dart hits the komodo dragon but does no damage. 😎 MP[-1]
You lost 1 mp, and now have 24/31 mp.
The magic dart hits the kobold!
You kill the kobold!
Vehumet accepts your kill.
You feel your power returning.
A kobold comes into view. It is wielding a +0 dagger.
The magic dart hits the komodo dragon but does no damage.
Your battlesphere fires!
The barrage of energy hits the komodo dragon!
The magic dart hits the komodo dragon but does no damage.
Your battlesphere fires!
The barrage of energy hits the komodo dragon!
A kobold comes into view.
It is wielding a +0 short sword. 😎 MP[-1]
You lost 1 mp, and now have 23/31 mp.
The magic dart hits the komodo dragon but does no damage.
Your battlesphere fires!
The barrage of energy hits the komodo dragon.
Joseph, a Mercenary comes into view.
He is wielding a -1 quarterstaff. 😎 MP[-1]
You lost 1 mp, and now have 22/31 mp.
The magic dart hits the komodo dragon.
Your battlesphere fires!
The barrage of energy hits the komodo dragon but does no damage. 😎 MP[-1]
You lost 1 mp, and now have 21/31 mp.
The magic dart hits the komodo dragon but does no damage.
The komodo dragon misses you.
Casting: Magic Dart (safe; 1% risk of failure)
Confirm with . or Enter, or press ? or * to list all spells.
Aiming: Fulminant Prism (dangerous; 1% risk of failure)
Press: ? - help, Dir - move target, p - komodo dragon You conjure a prism of explosive energy!
A fulminant prism comes into view.
Your battlesphere fires!
The barrage of energy hits the komodo dragon!
Your battlesphere expends the last of its energy and dissipates.
The komodo dragon barely misses you.
A kobold comes into view. 😎 MP[-4]
You lost 4 mp, and now have 17/31 mp.
Casting: Fulminant Prism (dangerous; 1% risk of failure)
Confirm with . or Enter, or press ? or * to list all spells.
You conjure a globe of magical energy.
The komodo dragon bites you!!
Ouch! That really hurt!
* * * LOW HITPOINT WARNING * * *
The kobold hits you but does no damage.
Your fulminant prism crackles loudly. 😨 HP[-31] MP[-5]
You take 31 damage, and now have 24/55 hp.
MASSIVE DAMAGE!! (PAUSE)
You lost 5 mp, and now have 12/31 mp.
Casting: Iskenderun's Battlesphere (dangerous; 1% risk of failure)
Confirm with . or Enter, or press ? or * to list all spells.
Aiming: Searing Ray (safe; 1% risk of failure)
Press: ? - help, Shift-Dir - straight line
Okay, then.
The komodo dragon bites you!!
Ouch! That really hurt!
You die...

Skill      XL: |  1  2  3  4  5  6  7  8  9 10 |
---------------+-------------------------------+-----
Conjurations   | 5 6 7 8 9 10 | 10.6
Translocations | 1 3 4 5 6 7 8 |  8.0
Hexes          | 2 4 6 7 8 |  8.0
Spellcasting   | 4 5 6 7 |  7.0
Evocations     | 1 2 4 |  4.1
Staves         | 1 2 3 |  3.5
Dodging        | 3 4 5 |  5.2
Fighting       | 1 2 |  2.9
Armour         | 2 |  2.8
Fire Magic     | 2 |  2.8
Stealth        | |  2.4

Action                   |  1- 3 |  4- 6 |  7- 9 | 10-12 || total
-------------------------+-------+-------+-------+-------++-------
Melee: Quarterstaff      |       |     1 |    17 |       ||    18
Throw: Dart              |       |       |     3 |       ||     3
 Cast: Magic Dart        |    74 |   107 |   215 |    72 ||   468
       Searing Ray       |     2 |    11 |    39 |    20 ||    72
       Iskenderun's Myst |       |     1 |     4 |     1 ||     6
       Fulminant Prism   |       |       |    12 |     7 ||    19
       Iskenderun's Batt |       |       |       |    12 ||    12
Evoke: Wand              |       |     2 |       |       ||     2
  Use: Scroll            |       |       |     9 |     1 ||    10
       Potion            |       |       |     1 |       ||     1
Armor: Robe              |     1 |       |     4 |     6 ||    11
Dodge: Dodged            |     3 |    16 |    33 |    31 ||    83

Levels and vault maps discovered:
D:1:      dpeg_arrival_rooms_c, layout_basic, chequers_serial_rivers_micro_d,
          kennysheep_minor_cross
D:2:      layout_basic, lemuel_crystal_altar, dk_noncrumbling_3, uniq_natasha
D:3:      layout_basic, lemuel_doored_altar, marbit_many_paths,
          chequers_ecumenical_altar_grove, kennysheep_generic_room_14,
          uniq_crazy_yiuf_cottage, uniq_sigmund
D:4:      layout_cave_pods, kennysheep_little_box, minmay_tree_intersection,
          uniq_eustachio
D:5:      layout_basic, kennysheep_potato
D:6:      layout_loops_ring, lemuel_crystal_altar, fedhas_altar_4
D:7:      layout_gridville, chequers_temple_overflow_minitemple,
          minmay_temple_entry_slanted, serial_shops, nicolae_shop_behind_doors,
          minivault_14, uniq_duvessa
D:8:      layout_gridville, lemuel_mausoleum_altar_yredelemnul, led_sif_book,
          minmay_misc_feat_five, minmay_misc_feat_rows
D:9:      layout_basic, kennysheep_mini, lemuel_crystal_altar, orc_0_dummy,
          ebering_ghost_inner_flame, serial_shops, shop_coins,
          hangedman_corner_corridor, uniq_joseph
Temple:   jpeg_temple_island

Notes
Turn   | Place    | Note
-------+----------+-------------------------------------------
     0 | D:1      | phalm the Deep Elf Conjurer began the quest for the Orb.
     0 | D:1      | Reached XP level 1. HP: 10/10 MP: 6/6
     0 | D:1      | magus.rc [v1.9.10]
   284 | D:1      | Reached XP level 2. HP: 15/15 MP: 6/8
   287 | D:1      | Learned a level 2 spell: Searing Ray
   315 | D:1      | Reached skill level 5 in Conjurations
  1218 | D:2      | Reached XP level 3. HP: 19/19 MP: 7/9
  1762 | D:2      | Reached skill level 6 in Conjurations
  1909 | D:2      | Found a shadowy altar of Dithmenos.
  2081 | D:2      | Noticed Natasha
  2086 | D:2      | Killed Natasha
  2087 | D:2      | Reached XP level 4. HP: 9/24 MP: 4/10
  2092 | D:2      | Learned a level 4 spell: Iskenderun's Mystic Blast
  2456 | D:2      | Noticed Natasha
  2460 | D:2      | Killed Natasha
  2461 | D:2      | Reached skill level 1 in Translocations
  3308 | D:2      | Noticed Natasha
  3314 | D:2      | HP: 4/24 [shadow imp/nerve-wracking pain[Natasha] (3)]
  3319 | D:2      | HP: 1/24 [Natasha (4)]
  3320 | D:2      | Killed Natasha
  3321 | D:2      | Reached XP level 5. HP: 1/28 MP: 0/11
  3787 | D:3      | Reached skill level 2 in Translocations
  3866 | D:3      | Found a sparkling altar of Nemelex Xobeh.
  4210 | D:3      | Found a runed translucent door.
  4211 | D:3      | Noticed Crazy Yiuf
  4343 | D:3      | Found a white marble altar of Elyvilon.
  4374 | D:3      | Found a faded altar of an unknown god.
  4648 | D:3      | Noticed Sigmund
  4655 | D:3      | Killed Sigmund
  4656 | D:3      | Reached skill level 7 in Conjurations
  4656 | D:3      | Reached skill level 3 in Translocations
  4656 | D:3      | Reached XP level 6. HP: 32/32 MP: 12/12
  4661 | D:3      | Learned a level 4 spell: Fulminant Prism
  4788 | D:3      | Killed Crazy Yiuf
  4862 | D:4      | magus.rc [v1.9.10]
  4914 | D:4      | Reached skill level 1 in Hexes
  5070 | D:4      | HP: 5/32 [centaur/arrow (11)]
  5072 | D:4      | Reached skill level 2 in Hexes
  5072 | D:4      | Reached skill level 4 in Translocations
  5393 | D:4      | Noticed Eustachio
  5406 | D:4      | Killed Eustachio
  5407 | D:4      | Reached skill level 8 in Conjurations
  5407 | D:4      | Reached XP level 7. HP: 22/36 MP: 10/14
  5534 | D:4      | Found a glowing golden altar of the Shining One.
  6051 | D:4      | You pick up a book of Callings and begin reading...
  6051 | D:4      | You add the spells Summon Small Mammal, Call Imp, Call
                  | Canine Familiar, Summon Guardian Golem, Summon Lightning
                  | Spire and Summon Ice Beast to your library.
  6205 | D:5      | Entered Level 5 of the Dungeon
  6222 | D:5      | Reached skill level 3 in Hexes
  6671 | D:5      | Reached skill level 4 in Spellcasting
  6671 | D:5      | Reached skill level 4 in Hexes
  6671 | D:5      | Reached skill level 5 in Translocations
  6924 | D:5      | Reached XP level 8. HP: 28/41 MP: 16/16
  7655 | D:5      | Reached skill level 5 in Hexes
  8069 | D:6      | Reached skill level 6 in Translocations
  8200 | D:6      | Reached skill level 9 in Conjurations
  8313 | D:6      | Found a radiant altar of Vehumet.
  8337 | D:6      | Became a worshipper of Vehumet
  8375 | D:6      | Reached skill level 5 in Spellcasting
  8421 | D:6      | Reached skill level 1 in Evocations
  8488 | D:6      | Reached skill level 1 in Staves
  8492 | D:6      | Reached skill level 6 in Hexes
  8553 | D:6      | Reached skill level 3 in Dodging
  8938 | D:6      | Found a blossoming altar of Fedhas.
  9034 | D:7      | Found Qaulor's Jewellery Shoppe.
  9043 | D:7      | Reached skill level 1 in Fighting
  9043 | D:7      | Reached XP level 9. HP: 47/47 MP: 18/18
  9068 | D:7      | magus.rc [v1.9.10]
  9205 | D:7      | Reached skill level 1 in Armour
 10357 | D:7      | Found a staircase to the Ecumenical Temple.
 10367 | D:7      | Reached skill level 2 in Evocations
 10376 | Temple   | Entered the Ecumenical Temple
 10628 | D:7      | Found a shimmering altar of Xom.
 10628 | D:7      | Found a faded altar of an unknown god.
 10634 | D:7      | Found a stormy altar of Qazlal.
 10636 | D:7      | Found a hide-covered altar of Uskayaw.
 10638 | D:7      | Found an ornate altar of the Wu Jian Council.
 10764 | D:7      | Noticed Duvessa
 10764 | D:7      | Noticed Dowan
 10768 | D:7      | Killed Dowan
 10769 | D:7      | Killed Duvessa
 11072 | D:8      | Reached * piety under Vehumet
 11072 | D:8      | Offered knowledge of Sandblast by Vehumet.
 11073 | D:8      | Reached skill level 7 in Translocations
 11195 | D:8      | Reached skill level 2 in Staves
 11195 | D:8      | Reached skill level 7 in Hexes
 11299 | D:8      | Found a shimmering blue altar of Sif Muna.
 11323 | D:8      | Identified Sif Muna's Guide on Battle Magic
 11399 | D:8      | Reached skill level 4 in Dodging
 11400 | D:8      | Reached skill level 2 in Fighting
 11400 | D:8      | Reached skill level 6 in Spellcasting
 11431 | D:8      | Reached skill level 2 in Armour
 11431 | D:8      | Reached XP level 10. HP: 22/53 MP: 4/21
 11433 | D:8      | Reached skill level 10 in Conjurations
 11433 | D:8      | Reached skill level 3 in Evocations
 12227 | D:8      | Found a basalt altar of Yredelemnul.
 12227 | D:8      | Reached ** piety under Vehumet
 12236 | D:8      | Offered knowledge of Freeze by Vehumet.
 12487 | D:9      | Reached skill level 8 in Hexes
 12558 | D:9      | Found a runed translucent door.
 12560 | D:9      | Noticed axecop's ghost (journeyman DsAK)
 12560 | D:9      | Noticed a gargoyle
 12703 | D:9      | You pick up a book of Power and begin reading...
 12703 | D:9      | You add the spells Iskenderun's Battlesphere, Bolt of
                  | Magma, Iron Shot, Orb of Destruction and Spellforged
                  | Servitor to your library.
 12710 | D:9      | Learned a level 5 spell: Iskenderun's Battlesphere
 12713 | D:9      | Found a staircase to the Orcish Mines.
 12814 | D:9      | Found a bloodstained altar of Trog.
 12926 | D:9      | Reached skill level 3 in Staves
 12928 | D:9      | Reached skill level 1 in Fire Magic
 12930 | D:9      | Reached skill level 8 in Translocations
 13583 | D:9      | Offered knowledge of Inner Flame by Vehumet.
 13584 | D:9      | Reached skill level 2 in Fire Magic
 13586 | D:9      | Reached skill level 5 in Dodging
 13617 | D:9      | Noticed a tengu warrior
 13622 | D:9      | Killed a tengu warrior
 13623 | D:9      | Reached skill level 7 in Spellcasting
 13623 | D:9      | Reached skill level 4 in Evocations
 13778 | D:9      | Noticed Joseph
 13783 | D:9      | Mangled by a komodo dragon

Vanquished Creatures
  A tengu warrior (D:9)
  5 slime creatures (D:8)
  Sigmund (D:3)
  6 yaks (D:9)
  Eustachio (D:4)
  A wraith (D:8)
  Duvessa (D:7)
  A black bear (D:8)
  3 orc warriors
  An ice beast (D:8)
  A phantom (D:6)
  A sky beast (D:5)
  4 necrophages
  4 centaurs
  4 ogres
  6 bullfrogs
  Dowan (D:7)
  3 killer bees (D:9)
  2 howler monkeys (D:8)
  5 wights (D:8)
  4 electric eels (D:7)
  A quasit (D:9)
  2 jellies
  A centaur zombie (D:8)
  3 human zombies (D:8)
  5 hounds
  Crazy Yiuf (D:3)
  A bullfrog skeleton (D:5)
  An orc priest (D:6)
  11 orc wizards
  5 worker ants
  Natasha (thrice) (D:2)
  2 iguanas
  2 human skeletons (D:8)
  An ogre zombie (D:8)
  A hound zombie (D:6)
  2 hound skeletons
  2 mummies (D:8)
  2 worker ant zombies
  3 gnolls (D:6)
  3 adders
  2 shadow imps
  A white imp (D:8)
  2 ufetubi
  An adder skeleton (D:5)
  5 worms
  3 dart slugs
  3 leopard geckos
  30 orcs
  A ball python (D:2)
  9 giant cockroaches
  9 goblins
  8 hobgoblins
  12 jackals
  13 kobolds
  8 quokkas
  8 bats
  10 frilled lizards
  A leopard gecko skeleton (D:5)
  A leopard gecko zombie (D:5)
  12 rats
247 creatures vanquished.

Vanquished Creatures (others)
  18 fulminant prisms
18 creatures vanquished.

Grand Total: 265 creatures vanquished

Table legend:
 A = Non-vault XP
 B = Vault XP
 C = Vault XP percentage of total XP
 D = Non-vault monster count
 E = Vault monster count
 F = Vault count percentage of total count
                 A         B        C        D         E       F
            +---------+---------+-------+---------+---------+-------
      Total |    6885 |    3037 |  30.6 |     218 |      29 |  11.7
            +---------+---------+-------+---------+---------+-------
        D:1 |      40 |       0 |   0.0 |      29 |       0 |   0.0
        D:2 |     133 |      35 |  20.8 |      26 |       1 |   3.7
        D:3 |      63 |     279 |  81.6 |      25 |       5 |  16.7
        D:4 |     167 |     208 |  55.5 |       6 |       1 |  14.3
        D:5 |     758 |     113 |  13.0 |      33 |       1 |   2.9
        D:6 |     954 |       0 |   0.0 |      33 |       0 |   0.0
        D:7 |     876 |     208 |  19.2 |      16 |       2 |  11.1
        D:8 |    2228 |     836 |  27.3 |      25 |      14 |  35.9
        D:9 |    1666 |    1358 |  44.9 |      25 |       5 |  16.7
            +---------+---------+-------+---------+---------+-------

Illustrated notes

Table legend:
 A = Kills in this place as a percentage of kills in entire the game.
 B = Kills by you in this place as a percentage of kills by you in the entire game.
 C = Kills by friends in this place as a percentage of kills by friends in the entire game.
 D = Other kills in this place as a percentage of other kills in the entire game.
 E = Experience gained in this place as a percentage of experience gained in the entire game.
 F = Experience gained in this place divided by the number of levels of this place that you have seen.
                   A       B       C       D       E      F
               +-------+-------+-------+-------+-------+----------------------
         Total | 100.0 | 100.0 |   N/A |   N/A | 100.0 | 992.2
       Dungeon | 100.0 | 100.0 |   N/A |   N/A | 100.0 | 1102.4
               +-------+-------+-------+-------+-------+----------------------

Table legend: (Time is in decaauts)
 A = Elapsed time spent in this place.
 B = Non-inter-level travel time spent in this place.
 C = Inter-level travel time spent in this place.
 D = Time resting spent in this place.
 E = Time spent auto-exploring this place.
 F = Levels seen in this place.
 G = Mean time per level.
                   A        B        C        D        E       F      G
               +--------+--------+--------+--------+--------+-----+--------+
         Total |  13827 |  13560 |    267 |    401 |  11916 |  10 | 1382.7 |
       Dungeon |  13561 |  13317 |    244 |    401 |  11673 |   9 | 1506.8 |
        Temple |    266 |    244 |     22 |      0 |    243 |   1 |  266.0 |
               +--------+--------+--------+--------+--------+-----+--------+

Top non-repeatable levels by time:
     D:2: 2406 daAuts
     D:7: 1671 daAuts
     D:5: 1620 daAuts
     D:8: 1535 daAuts
     D:4: 1343 daAuts
     D:9: 1321 daAuts
     D:3: 1237 daAuts
     D:1: 1215 daAuts
     D:6: 1209 daAuts
  Temple: 266 daAuts
